 Dungeon Crawl Stone Soup version 0.22.1-1-ga44c0e5 (webtiles) character file.

73033 Lauz the Executioner (level 15, -10/138 HPs)
             Began as a Minotaur Berserker on Nov 6, 2018.
             Was the Champion of Trog.
             Mangled by a red devil
             ... wielding a +0 trident
             ... summoned by an orc sorcerer
              (12 damage)
             ... while paralysed by an orc sorcerer
             ... on level 2 of the Orcish Mines.
             The game lasted 01:23:53 (26618 turns).

Lauz the Executioner (Minotaur Berserker)          Turns: 26618, Time: 01:23:54

Health: -10/138    AC: 25    Str: 32    XL:     15   Next: 2%
Magic:  14/14      EV:  2    Int:  4    God:    Trog [******]
Gold:   1842       SH:  0    Dex: 10    Spells: 14/14 levels left

rFire    + . .     SeeInvis .   M - +1 executioner's axe (freeze)
rCold    + . .     Gourm    .   (shield currently unavailable)
rNeg     . . .     Faith    .   D - +0 gold dragon scales
rPois    +         Spirit   .   (helmet restricted)
rElec    .         Reflect  .   V - +1 cloak
rCorr    +         Harm     .   (no gloves)
MR       +....                  C - +2 pair of boots
Stlth    ..........             (no amulet)
HPRegen  0.33/turn              o - +4 ring of strength
MPRegen  0.14/turn              Y - ring of resist corrosion

@: paralysed
A: retaliatory headbutt, horns 2
a: Berserk, Trog's Hand, Brothers in Arms, Renounce Religion


You were on level 2 of the Orcish Mines.
You worshipped Trog.
Trog was exalted by your worship.
You were hungry.

You visited 3 branches of the dungeon, and saw 20 of its levels.
You also visited: Sewer.

You collected 1842 gold pieces.

Inventory:

Hand Weapons
 a - a +0 dire flail
 j - the +7 double sword of Red Wine {antimagic, rF+}
   (You found it on level 2 of the Lair of Beasts)

   It reduces the magical energy of the wielder, and disrupts the spells and
   magical abilities of those hit.
   Natural abilities and divine invocations are not affected.
   It protects you from fire.
 y - a +8 blowgun
 K - a +0 shortbow of velocity
 M - a +1 executioner's axe of freezing (weapon)
 R - a +2 battleaxe of venom
 U - the +8 broad axe of Symmetry {antimagic, rPois Str+4 Stlth-}
   (Trog gifted it to you on level 5 of the Lair of Beasts)

   It reduces the magical energy of the wielder, and disrupts the spells and
   magical abilities of those hit.
   Natural abilities and divine invocations are not affected.
   It affects your strength (+4).
   It protects you from poison.
   It makes you less stealthy.
Missiles
 q - 5 curare-tipped needles
 H - 15 needles of confusion
 N - 12 poisoned needles
 S - 4 poisoned javelins (quivered)
Armour
 e - a +1 shield
 C - a +2 pair of boots (worn)
 D - +0 gold dragon scales (worn)
 F - a +0 cloak of poison resistance
 V - a +1 cloak (worn)
Jewellery
 o - a +4 ring of strength (left hand)
 z - an uncursed ring of protection from cold
 T - an uncursed ring of poison resistance
 Y - a ring of resist corrosion (right hand)
 Z - a +3 ring of intelligence
Wands
 b - a wand of acid (11)
 n - a wand of flame (62)
 p - a wand of digging (15)
 B - a wand of paralysis (36)
 I - a wand of polymorph (15)
 X - a wand of clouds (9)
Scrolls
 f - 11 scrolls of teleportation
 g - 6 scrolls of identify
 h - 11 scrolls of remove curse
 t - 3 scrolls of blinking
 u - a scroll of fear
 w - a scroll of vulnerability
 E - 5 scrolls of enchant armour
 O - 3 scrolls of magic mapping
 W - a scroll of silence
Potions
 d - 5 potions of flight
 k - 3 potions of mutation
 l - 3 potions of heal wounds
 m - 2 potions of resistance
 v - 4 potions of brilliance
 x - 2 potions of agility
 A - a potion of haste
 G - 5 potions of curing
 J - 2 potions of berserk rage
 P - a potion of might
 Q - a potion of ambrosia
Comestibles
 c - 29 rations


   Skills:
 + Level 14.0 Fighting
 + Level 21.0 Axes
 - Level 0.2(14.3) Maces & Flails
 + Level 0.8 Throwing
 * Level 14.1 Armour
 * Level 10.1 Dodging


You had 14 spell levels left.
You didn't know any spells.
Your spell library was empty.

Dungeon Overview and Level Annotations

Branches:
Dungeon (12/15)            Temple (0/1) D:4            Lair (6/6) D:9
 Shoals (0/4) Lair:2       Spider (0/4) Lair:3        Slime (0/5) Lair:5
    Orc (2/2) D:9             Elf (0/3) Orc:2

Altars:
Nemelex Xobeh
Ru
Xom
Yredelemnul
Beogh

Shops:
D:4 }   D:5 }   D:7 *   D:11 [   Orc:1 %:   Orc:2 ([[[

Annotations:
Lair:2 exclusion: 2 oklob plants


Innate Abilities, Weirdness & Mutations

You reflexively headbutt those who attack you in melee.
You have a pair of horns on your head.


Message History

The orc warrior hits you from afar with a halberd.
The red devil hits you but does no damage.
The sun demon hits you but does no damage.
Something hits you but does no damage.
The orc sorcerer hits you but does no damage.
The sun demon hits you but does no damage.
The orc warrior hits you from afar with a halberd!
The red devil barely misses you. The sun demon hits you!
* * * LOW HITPOINT WARNING * * *
You are engulfed in flames!
You resist.
* * * LOW HITPOINT WARNING * * *
The red devil completely misses you. Something hits you but does no damage.
The orc warrior hits you from afar with a halberd.
* * * LOW HITPOINT WARNING * * *
The sun demon hits you!
* * * LOW HITPOINT WARNING * * *
You are engulfed in flames.
You resist.
* * * LOW HITPOINT WARNING * * *
The red devil hits you from afar with a trident!
You die...

<.........##...#####.....## ##
.#..[......#..##..#.......## ##.
...[..........##...........####..
#...)[.......#.##..........#.#.#.
.............#(........))...####.
###....................[)........
##...................)!........
#.......(...#o###..#..........
#...#..))).##@[o##............
+........)##.)3..##...........
##.#.#.....#4..o...#.#.........
###..#.......#...8...#...........
.............#..._...#...........
.............##.....##...........
..............##.∩.##......#'###.
...............#####......##)).##
............#.............#.....#


You could see a sun demon, an orc sorcerer, a red devil, an orc warrior and an
orc.

Vanquished Creatures
  An orc warlord (Orc:2)
  2 entropy weavers
  The ghost of slayr the Spear-Bearer, a journeyman MfSu of Okawaru (Lair:1)
  6 hydras
  Harold (Lair:1)
  2 two-headed ogres
  4 death yaks (Lair:4)
  A queen ant (Lair:5)
  An orc high priest (Orc:2)
  3 orc knights (Orc:2)
  Pikel (D:6)
  An orc sorcerer (Orc:2)
  9 elephants
  Maurice (D:8)
  A merfolk siren (Lair:2)
  2 black mambas
  Psyche (D:9)
  30 spiny frogs
  11 komodo dragons
  A freezing wraith (D:11)
  6 rime drakes
  A queen bee (D:8)
  2 polar bears (Lair:6)
  4 tyrant leeches (Lair:6)
  5 trolls
  Prince Ribbit (D:5)
  2 slime creatures (Lair:5)
  32 blink frogs
  7 hippogriffs
  7 dream sheep
  A wyvern (Lair:3)
  3 hogs (D:7)
  44 yaks
  A wraith (D:10)
  A human (D:7)
  6 vampire mosquitoes (Lair:6)
  A basilisk (Lair:1)
  A warg (Orc:2)
  23 soldier ants
  14 water moccasins
  31 orc warriors
  11 porcupines
  2 sky beasts (D:11)
  Duvessa (D:7)
  A black bear (Lair:3)
  2 ice beasts
  4 phantoms
  Purgy (Sewer)
  8 ogres
  22 wolves
  14 crocodiles
  10 centaurs
  Blork the orc (D:5)
  23 bullfrogs
  Dowan (D:7)
  2 scorpions
  2 wyvern skeletons
  25 killer bees
  8 wights
  3 howler monkeys
  2 electric eels
  4 crimson imps
  2 bullfrog zombies
  6 hounds
  3 jellies
  11 orc priests
  25 orc wizards
  4 bullfrog skeletons
  A centaur skeleton (D:7)
  5 iguanas
  27 worker ants
  13 adders
  7 gnolls
  3 river rats (D:6)
  5 shadow imps
  An adder zombie (D:9)
  8 worms
  3 dart slugs
  5 leopard geckos
  72 orcs
  A ball python (D:1)
  4 bats
  8 giant cockroaches
  4 goblins
  6 hobgoblins
  19 jackals
  10 kobolds
  4 quokkas
  4 frilled lizards
  2 jackal zombies
  2 leopard gecko zombies
  A quokka skeleton (D:9)
  A quokka zombie (D:9)
  11 rats
  A bush (Lair:6)
  9 fungi
  4 plants
712 creatures vanquished.

Vanquished Creatures (collateral kills)
  2 elephants (Lair:2)
  A polar bear (Lair:2)
3 creatures vanquished.

Vanquished Creatures (others)
  A bullfrog (D:6)
  A crimson imp (D:6)
  An orc wizard (D:10)
  28 fungi
  48 plants
79 creatures vanquished.

Grand Total: 794 creatures vanquished

Notes
Turn   | Place    | Note
-------+----------+-------------------------------------------
     0 | D:1      | Lauz the Minotaur Berserker began the quest for the Orb.
     0 | D:1      | Reached XP level 1. HP: 19/19 MP: 0/0
   221 | D:1      | Reached skill level 4 in Axes
   388 | D:1      | Reached XP level 2. HP: 27/27 MP: 1/1
   863 | D:2      | Reached XP level 3. HP: 33/33 MP: 2/2
   877 | D:2      | Reached ** piety under Trog
   877 | D:2      | Reached skill level 5 in Axes
  1276 | D:2      | Found a basalt altar of Yredelemnul.
  1342 | D:2      | Reached XP level 4. HP: 40/40 MP: 3/3
  2527 | D:4      | Reached skill level 6 in Axes
  2648 | D:4      | Found Rehu's Gadget Shop.
  2662 | D:4      | Found a staircase to the Ecumenical Temple.
  2677 | D:4      | Noticed a phantom
  2698 | D:4      | Killed a phantom
  2698 | D:4      | Reached XP level 5. HP: 47/47 MP: 4/4
  2778 | D:4      | Reached skill level 7 in Axes
  2796 | D:4      | Reached skill level 5 in Fighting
  2830 | D:4      | Reached XP level 6. HP: 40/56 MP: 5/5
  3385 | D:5      | Entered Level 5 of the Dungeon
  3514 | D:5      | Found Ceal's Gadget Emporium.
  3514 | D:5      | Noticed Prince Ribbit
  3528 | D:5      | Killed Prince Ribbit
  3528 | D:5      | Reached skill level 8 in Axes
  3528 | D:5      | Reached XP level 7. HP: 21/61 MP: 6/6
  3911 | D:5      | Found a shimmering altar of Xom.
  3914 | D:5      | Found a sacrificial altar of Ru.
  3917 | D:5      | Found a sparkling altar of Nemelex Xobeh.
  3997 | D:5      | Noticed Blork the orc
  4004 | D:5      | Killed Blork the orc
  4004 | D:5      | Reached skill level 9 in Axes
  4112 | D:6      | Reached *** piety under Trog
  4445 | D:6      | Reached skill level 10 in Axes
  4492 | D:6      | Found a glowing drain.
  4497 | Sewer    | Entered a sewer
  4797 | Sewer    | Noticed Purgy
  4806 | Sewer    | Killed Purgy
  4806 | Sewer    | Reached XP level 8. HP: 48/70 MP: 7/7
  5092 | D:6      | Reached skill level 11 in Axes
  5109 | D:6      | Noticed Pikel
  5116 | D:6      | Killed Pikel
  5116 | D:6      | Reached **** piety under Trog
  5408 | D:6      | Reached skill level 12 in Axes
  6089 | D:7      | Reached XP level 9. HP: 72/79 MP: 8/8
  6414 | D:7      | Found Zagaon's Assorted Antiques.
  7103 | D:7      | Noticed Duvessa
  7103 | D:7      | Noticed Dowan
  7113 | D:7      | Killed Duvessa
  7117 | D:7      | Killed Dowan
  7119 | D:7      | Paralysed by fainting for 12 turns
  7222 | D:7      | Reached skill level 13 in Axes
  7647 | D:8      | Reached skill level 5 in Armour
  8198 | D:8      | Noticed Maurice
  8216 | D:8      | Killed Maurice
  8216 | D:8      | Reached XP level 10. HP: 76/90 MP: 9/9
  8632 | D:8      | Reached skill level 14 in Axes
  9326 | D:9      | Reached skill level 5 in Dodging
  9564 | D:9      | Reached ***** piety under Trog
  9853 | D:9      | Found a staircase to the Lair.
 10109 | D:9      | Noticed Psyche
 10114 | D:9      | Killed Psyche
 10114 | D:9      | Reached skill level 15 in Axes
 10221 | D:9      | Found a staircase to the Orcish Mines.
 10437 | D:10     | Entered Level 10 of the Dungeon
 11033 | D:10     | Noticed a two-headed ogre
 11039 | D:10     | Killed a two-headed ogre
 11039 | D:10     | Reached XP level 11. HP: 84/97 MP: 10/10
 11282 | D:10     | Reached skill level 16 in Axes
 11978 | D:11     | Noticed a two-headed ogre
 12027 | D:11     | Killed a two-headed ogre
 12178 | D:11     | Found Xogip's Antique Armour Shoppe.
 12305 | D:11     | Reached skill level 10 in Fighting
 12818 | D:12     | Noticed a death knight
 12818 | D:12     | Noticed a phantasmal warrior
 12830 | D:11     | Reached skill level 17 in Axes
 12965 | Lair:1   | Entered Level 1 of the Lair of Beasts
 13306 | Lair:1   | Found a runed gate.
 13306 | Lair:1   | Found a runed gate.
 13306 | Lair:1   | Found a runed gate.
 13308 | Lair:1   | Noticed slayr's ghost (journeyman MfSu)
 14217 | Lair:1   | Noticed Harold
 14235 | Lair:1   | Killed Harold
 14264 | Lair:1   | Reached XP level 12. HP: 62/108 MP: 11/11
 14465 | Lair:1   | Received a gift from Trog
 14964 | Lair:1   | Killed slayr's ghost
 14964 | Lair:1   | Reached skill level 18 in Axes
 15336 | Lair:2   | Noticed a four-headed hydra
 15345 | Lair:2   | Killed an 11-headed hydra
 15827 | Lair:2   | Noticed an eight-headed hydra
 16164 | Lair:2   | Reached skill level 19 in Axes
 16720 | Lair:3   | Noticed a seven-headed hydra
 16776 | Lair:3   | Found a hole to the Spider Nest.
 17230 | Lair:3   | Noticed a four-headed hydra
 17244 | Lair:3   | Killed a ten-headed hydra
 17244 | Lair:3   | Reached skill level 10 in Armour
 17249 | Lair:3   | Reached XP level 13. HP: 68/117 MP: 12/12
 17985 | Lair:4   | Identified a scroll of acquirement
 18637 | Lair:4   | Received a gift from Trog
 19845 | Lair:5   | Found a staircase to the Slime Pits.
 19854 | Lair:5   | Reached skill level 20 in Axes
 20106 | Lair:5   | Noticed an entropy weaver
 20143 | Lair:4   | Killed an entropy weaver
 20463 | Lair:5   | Received a gift from Trog
 20474 | Lair:5   | Got a pitted broad axe {god gift}
 20475 | Lair:5   | Identified the +8 broad axe of Symmetry {antimagic, rPois
                  | Str+4 Stlth-} (Trog gifted it to you on level 5 of the Lair
                  | of Beasts)
 20511 | Lair:5   | Noticed an entropy weaver
 20521 | Lair:5   | Killed an entropy weaver
 20521 | Lair:5   | Reached XP level 14. HP: 85/127 MP: 4/13
 21159 | Lair:6   | Entered Level 6 of the Lair of Beasts
 21364 | Lair:2   | Found a staircase to the Shoals.
 21499 | Lair:2   | Got an iridescent double sword
 21545 | Lair:2   | Identified the +7 double sword of Red Wine {antimagic, rF+}
                  | (You found it on level 2 of the Lair of Beasts)
 22426 | Lair:6   | Reached ****** piety under Trog
 22870 | Lair:6   | Received a gift from Trog
 24487 | Orc:1    | Entered Level 1 of the Orcish Mines
 24505 | Orc:1    | Found Ruongaes's Food Emporium.
 24648 | Orc:1    | Found Zyplu's Book Boutique.
 24677 | Orc:2    | Entered Level 2 of the Orcish Mines
 24849 | Orc:2    | Received a gift from Trog
 24940 | Orc:2    | Found a staircase to the Elven Halls.
 25139 | Orc:2    | Found a roughly hewn altar of Beogh.
 25314 | Orc:2    | Found a roughly hewn altar of Beogh.
 25324 | Orc:2    | Found Kifegioz's Armour Boutique.
 25455 | Orc:2    | Received a gift from Trog
 25603 | Orc:2    | Reached skill level 10 in Dodging
 25894 | Orc:2    | Noticed an orc warlord
 26009 | Orc:2    | Killed an orc warlord
 26012 | Orc:2    | Reached skill level 21 in Axes
 26016 | Orc:2    | Reached XP level 15. HP: 137/137 MP: 14/14
 26434 | Orc:2    | Found Elytercha's Antique Weapon Shop.
 26435 | Orc:2    | Found a roughly hewn altar of Beogh.
 26438 | Orc:2    | Found Uffyph Zega's Antique Armour Boutique.
 26594 | Orc:2    | Found a roughly hewn altar of Beogh.
 26595 | Orc:2    | Found Amunota's Armour Shoppe.
 26613 | Orc:2    | Paralysed by an orc sorcerer for 7 turns
 26617 | Orc:2    | HP: 1/138 [sun demon[an orc sorcerer] (6)]
 26618 | Orc:2    | Mangled by a red devil

Skill      XL: |  1  2  3  4  5  6  7  8  9 10 11 12 13 14 15 |
---------------+----------------------------------------------+-----
Axes           | 4 5 6 7 8 10 12 13 15 17 19 20 21 | 21.0
Fighting       | 4 5 6 7 8 9 10 11 12 13 14 | 14.0
Armour         | 3 5 7 10 11 14 | 14.1
Dodging        | 3 4 5 6 8 10 | 10.1
Maces & Flails | |  0.2
Throwing       | |  0.8

Action                   |  1- 3 |  4- 6 |  7- 9 | 10-12 | 13-15 || total
-------------------------+-------+-------+-------+-------+-------++-------
Melee: Hand axe          |    66 |   104 |   269 |       |       ||   439
       Headbutt          |     6 |    17 |    74 |   123 |   186 ||   406
       Battleaxe         |       |       |    34 |   561 |    41 ||   636
       Executioner's axe |       |       |       |       |   358 ||   358
       Broad axe         |       |       |       |       |   292 ||   292
       Dire flail        |       |       |       |       |    35 ||    35
 Fire: Blowgun           |       |       |       |       |     9 ||     9
Throw: Tomahawk          |       |       |       |       |     3 ||     3
Invok: Berserk           |     1 |     1 |     7 |    14 |     5 ||    28
       Trog's Hand       |       |       |     2 |       |       ||     2
       Brothers in Arms  |       |       |       |     1 |       ||     1
Evoke: Wand              |       |    10 |       |     1 |       ||    11
  Use: Scroll            |     3 |       |     7 |       |    22 ||    32
       Potion            |       |       |       |       |     2 ||     2
 Stab: Paralysed         |       |       |       |     2 |       ||     2
  Eat: Chunk             |     2 |     6 |    14 |    28 |    21 ||    71
       Ration            |       |       |     3 |     4 |     4 ||    11
Armor: Leather armour    |    17 |    23 |    36 |    55 |       ||   131
       Chain mail        |       |       |       |   195 |       ||   195
       Gold dragon scale |       |       |       |    40 |   450 ||   490
Dodge: Dodged            |    60 |    51 |   125 |   383 |   325 ||   944
